 Dungeon Crawl Stone Soup version 0.29-a0-221-gceb61267dd (webtiles) character file.

Game seed: 9768106073800938343

6245 avis the Severer (level 10, -4/93 HPs)
             Began as a Hill Orc Monk on Feb 26, 2022.
             Was a High Priest of Beogh.
             Killed from afar by a molten gargoyle (15 damage)
             ... with a bolt of magma
             ... on level 10 of the Dungeon.
             The game lasted 01:28:53 (13787 turns).

avis the Severer (Hill Orc Monk)                   Turns: 13787, Time: 01:28:55

Health: -4/93      AC: 17    Str: 17    XL:     10   Next: 93%
Magic:  10/13      EV: 12    Int: 12    God:    Beogh [*****.]
Gold:   448        SH:  0    Dex: 19    Spells: 11/13 levels left

rFire   . . .      SeeInvis .   a - +0 broad axe
rCold   . . .      Faith    .   (no shield)
rNeg    . . .      Spirit   .   K - quicksilver dragon scales
rPois   .          Reflect  .   q - +2 hat
rElec   .          Harm     .   T - +1 cloak
rCorr   .          Rampage  .   V - +0 pair of gloves
Will    +....                   u - +0 pair of boots
Stlth   +.........              (no amulet)
HPRegen 0.25/turn               k - +6 ring of dexterity
MPRegen 0.13/turn               (no ring)

@: no status effects
A: walk on water
a: Renounce Religion, Smiting, Recall Orcish Followers, Give Item to Named
Follower


You were on level 10 of the Dungeon.
You worshipped Beogh.
Beogh was extremely pleased with you.
You visited 2 branches of the dungeon, and saw 11 of its levels.

You collected 448 gold pieces.

Inventory:

Hand Weapons
 a - a +0 broad axe (weapon)
 b - the +8 rapier of Termination {vorpal, rElec}
   (You found it on level 4 of the Dungeon)

   It inflicts extra damage upon your enemies.
   rElec:     It insulates you from electricity.
 w - a +2 flail of venom
Missiles
 h - 19 stones
 v - 38 poisoned darts (quivered)
 N - 8 boomerangs
 O - a throwing net
Armour
 d - a +2 robe of resistance
 q - a +2 hat (worn)
 u - a +0 pair of boots (worn)
 K - quicksilver dragon scales (worn)
 P - an orb of mayhem
 T - a +1 cloak (worn)
 V - a +0 pair of gloves (worn)
Jewellery
 k - a +6 ring of dexterity (left hand)
Wands
 f - a wand of charming (5)
 n - a wand of polymorph (4)
 s - a wand of iceblast (14)
 y - a wand of flame (27)
 F - a wand of acid (7)
 J - a wand of paralysis (4)
Scrolls
 g - 2 scrolls of silence {unknown}
 i - 3 scrolls of summoning
 j - a scroll of fog {unknown}
 l - 2 scrolls of teleportation {unknown}
 m - a scroll of noise {unknown}
 p - 2 scrolls of fear {unknown}
 x - a scroll of enchant armour {unknown}
 B - 3 scrolls of vulnerability {unknown}
 E - a scroll of enchant weapon {unknown}
 G - a scroll of magic mapping {unknown}
 I - 3 scrolls of torment {unknown}
 R - 2 scrolls of amnesia {unknown}
 U - a scroll of acquirement {unknown}
Potions
 c - a potion of heal wounds
 e - a potion of berserk rage
 o - 2 potions of invisibility
 r - 4 potions of lignification
 t - 5 potions of brilliance
 A - 2 potions of flight
 H - a potion of curing
 M - 2 potions of magic


   Skills:
 - Level 10.0 Fighting
 * Level 15.0 Axes
 - Level 5.0 Armour
 - Level 3.0 Dodging
 - Level 1.5 Stealth
 - Level 2.0 Spellcasting
 - Level 5.0 Fire Magic
 - Level 5.0 Invocations


You had 11 spell levels left.
You knew the following spells:

 Your Spells              Type           Power      Damage    Failure   Level
c - Scorch                Fire           26%        2d6       9%          2

Your spell library contained the following spells:

 Spells                   Type           Power      Damage    Failure   Level
 Animate Skeleton         Necr           2%         N/A       43%         1
 Apportation              Tloc           2%         N/A       43%         1
 Summon Small Mammal      Summ           4%         N/A       43%         1
 Flame Wave               Conj/Fire      7%         2d5       86%         4
 Summon Cactus Giant      Summ           0%         N/A       100%        6


Dungeon Overview and Level Annotations

Branches:
Dungeon (10/15)            Temple (1/1) D:6            Lair (0/6) D:10
    Orc: D:9-12

Altars:
Ashenzari
Cheibriados
Dithmenos
Elyvilon
Fedhas
Gozag
Hepliaklqana
Kikubaaqudgha
Makhleb
Nemelex Xobeh
Okawaru
Qazlal
Ru
Sif Muna
Trog
Uskayaw
Vehumet
Wu Jian
Xom
Yredelemnul
Zin
The Shining One
Beogh

Shops:
D:4 (

Annotations:
D:8 exclusion: orange crystal statue
D:9 1 runed translucent door, frimble's ghost, novice DsIE


Message History

The bolt of magma hits you! The lava snake spits lava at you.
The glob of lava misses you.
The molten gargoyle blasts magma at you!
The bolt of magma hits you but does no damage.
The molten gargoyle hits you but does no damage.
Something hits your orc warrior!
Your orc warrior is engulfed in flames!
Your orc hits the molten gargoyle but does no damage.
You hit the molten gargoyle.
The molten gargoyle is lightly damaged.
You slash the lava snake!
The molten gargoyle hits your orc with a +0 mace.
Your orc is engulfed in flames!
Your orc dies!
Your orc warrior hits the molten gargoyle but does no damage.
The molten gargoyle closely misses you.
You hit the molten gargoyle but do no damage.
The molten gargoyle is lightly damaged.
You miss the lava snake. The lava snake spits lava at you.
The glob of lava hits you but does no damage.
The molten gargoyle hits you with a +0 flail!
You are engulfed in flames!
You hit the molten gargoyle.
The molten gargoyle is lightly damaged.
You hit the lava snake.
Your orc priest looks braver for a moment.
The lava snake barely misses you.
The molten gargoyle blasts magma at you!
The bolt of magma hits you!!
* * * LOW HITPOINT WARNING * * *
Something barely misses the molten gargoyle.
Aiming: Smiting
Press: ? - help, Dir - move target, f - molten gargoyle Smite: a molten gargoyle, wielding a +0 flail (lava, lightly damaged)
You smite the molten gargoyle!!
The molten gargoyle is almost destroyed.
The molten gargoyle blasts magma at you!
The bolt of magma hits you!
You die...

##.#.#
###..######.####....
.....####.........o.# #
.......####.#.####o##
....P...#.o...# #..#
.........o#.#######o#
..>.......#.###.#.#.#.#
.....P...##.##.#.#o#§#.#.
P.......##..# #..9≈o≈o..#
.......###.###.#@S9§9≈§..
.....### #<#
#.≈9§§≈≈≈.#.. ##.### #.#
#.#9≈§88≈≈..#. #..# #.#
##..≈≈88≈≈.#.. #.## ...
.#§§≈≈≈≈≈§.#. ..# ...
.#..§§≈§≈≈.#. )## ....>
#§§.≈.≈.. .# ..... #.#.#.
.# .......


You could see 4 molten gargoyles, a lava snake (catching breath), a friendly orc
warrior and a friendly orc priest.

Vanquished Creatures
  Gastronok (D:10)
  An unseen horror (D:10)
  A centaur simulacrum (D:10)
  5 yaks (D:9)
  A steam dragon (D:7)
  A vampire mosquito (D:9)
  Edmund (D:5)
  A warg (D:10)
  A water moccasin (D:5)
  A black bear (D:4)
  An orc warrior (D:9)
  A necrophage (D:4)
  An ice beast (D:5)
  2 sky beasts
  3 ogres
  A centaur (D:8)
  A phantom (D:5)
  A bullfrog (D:7)
  3 kobold brigands
  A scorpion (D:6)
  2 killer bees (D:9)
  6 wights
  A howler monkey (D:8)
  2 hounds
  A gnoll shaman (D:9)
  A jelly (D:5)
  3 iguanas
  2 orc wizards
  8 gnolls
  7 adders
  A shadow imp (D:7)
  A white imp (D:7)
  An ufetubus (D:4)
  A worm (D:4)
  2 dart slugs
  5 orcs
  9 ball pythons
  7 endoplasms
  A giant cockroach (D:3)
  8 goblins
  A hobgoblin (D:2)
  6 jackals (D:2)
  22 kobolds
  3 quokkas
  4 bats
  5 frilled lizards
  7 rats
146 creatures vanquished.

Vanquished Creatures (collateral kills)
  A boulder beetle (D:8)
  A shadow (D:10)
  A yak (D:9)
  3 vampire mosquitoes (D:9)
  A steam dragon (D:7)
  2 acid dragons
  A warg (D:10)
  A black bear (D:8)
  An orc warrior (D:6)
  An ogre (D:6)
  2 centaurs
  A kobold brigand (D:7)
  2 gnoll sergeants
  A scorpion (D:6)
  A wight (D:9)
  2 killer bees (D:9)
  2 howler monkeys (D:7)
  3 orc priests
  A gnoll shaman (D:7)
  6 orc wizards
  6 gnolls
  An ufetubus (D:6)
  7 orcs
  A frilled lizard (D:5)
  6 kobolds
55 creatures vanquished.

Vanquished Creatures (others)
  3 orc priests
  27 orcs
  3 orc wizards
  A kobold (D:2)
  17 plants (D:5)
51 creatures vanquished.

Grand Total: 252 creatures vanquished

Notes
Turn   | Place    | Note
-------+----------+-------------------------------------------
     0 | D:1      | avis the Hill Orc Monk began the quest for the Orb.
     0 | D:1      | Reached XP level 1. HP: 19/19 MP: 1/1
   357 | D:1      | Reached XP level 2. HP: 27/27 MP: 2/2
  1365 | D:2      | Reached skill level 5 in Axes
  1475 | D:2      | Reached XP level 3. HP: 33/34 MP: 3/3
  1500 | D:2      | Found a faded altar of an unknown god.
  1529 | D:2      | Became a worshipper of Beogh the Brigand
  1529 | D:2      | Reached * piety under Beogh
  1529 | D:2      | Reached ** piety under Beogh
  2344 | D:3      | Reached skill level 5 in Fighting
  2443 | D:3      | Reached XP level 4. HP: 42/42 MP: 4/4
  3625 | D:4      | Reached skill level 6 in Axes
  3637 | D:4      | Reached skill level 1 in Invocations
  3637 | D:4      | Reached XP level 5. HP: 39/48 MP: 5/5
  3746 | D:4      | Reached *** piety under Beogh
  3935 | D:4      | Identified the +8 rapier of Termination {vorpal, rElec}
  4036 | D:4      | Found Ucwaoqai's Weapon Emporium.
  4199 | D:4      | Noticed a necrophage
  4206 | D:4      | Killed a necrophage
  4207 | D:4      | Reached XP level 6. HP: 23/57 MP: 6/9
  4490 | D:4      | Noticed a black bear
  4502 | D:4      | Killed a black bear
  5230 | D:5      | Entered Level 5 of the Dungeon
  5326 | D:5      | Reached XP level 7. HP: 53/63 MP: 10/10
  5422 | D:5      | Noticed Edmund
  5428 | D:5      | Learned a level 2 spell: Scorch
  5448 | D:5      | Killed Edmund
  5449 | D:5      | Reached skill level 7 in Axes
  5449 | D:5      | Reached skill level 5 in Invocations
  5666 | D:5      | Reached skill level 1 in Spellcasting
  5768 | D:5      | Reached XP level 8. HP: 55/73 MP: 2/11
  7173 | D:6      | Found a staircase to the Ecumenical Temple.
  7266 | Temple   | Entered the Ecumenical Temple
  7497 | D:6      | Found an iron altar of Okawaru.
  7510 | D:6      | Reached **** piety under Beogh
  7511 | D:6      | Reached skill level 5 in Fire Magic
  7791 | D:6      | Found a runed translucent door.
  7888 | D:6      | Reached XP level 9. HP: 65/83 MP: 1/12
  7917 | D:6      | Reached skill level 10 in Fighting
  7919 | D:6      | Reached skill level 1 in Armour
  8155 | D:6      | Found a roughly hewn altar of Beogh.
  9274 | D:7      | Reached skill level 5 in Armour
 10105 | D:8      | Noticed a boulder beetle
 10108 | D:8      | Identified the +3 falchion of the Slime-mould {protect,
                  | Will+}
 10114 | D:8      | Killed a boulder beetle
 10115 | D:8      | Reached skill level 9 in Axes
 10419 | D:8      | Noticed an orange crystal statue
 10961 | D:9      | Gained Borgoth as an ally
 10966 | D:9      | Reached skill level 10 in Axes
 11036 | D:9      | Reached XP level 10. HP: 55/93 MP: 13/13
 11279 | D:9      | Reached skill level 11 in Axes
 11285 | D:9      | Reached ***** piety under Beogh
 11818 | D:9      | Reached skill level 12 in Axes
 12216 | D:9      | Found a runed translucent door.
 12217 | D:9      | Found a shimmering altar of Xom.
 12217 | D:9      | Noticed frimble's ghost (novice DsIE)
 12218 | D:9      | Noticed a +0 trident of chaos
 12611 | D:10     | Entered Level 10 of the Dungeon
 12817 | D:9      | Reached skill level 13 in Axes
 13185 | D:10     | Found a staircase to the Lair.
 13196 | D:10     | Gained Horkud as an ally
 13204 | D:10     | Killed an unseen horror
 13473 | D:10     | Noticed Gastronok
 13478 | D:10     | Reached skill level 14 in Axes
 13485 | D:10     | Killed Gastronok
 13486 | D:10     | Reached skill level 15 in Axes
 13779 | D:10     | Noticed a molten gargoyle
 13779 | D:10     | Noticed a molten gargoyle
 13779 | D:10     | Noticed a molten gargoyle
 13781 | D:10     | Noticed a molten gargoyle
 13787 | D:10     | Killed from afar by a molten gargoyle

Illustrated notes

Levels and vault maps discovered:
D:1:      mrwooster_arrival_statue_2, layout_loops_ring, kennysheep_minor_cross
D:2:      layout_loops_corners, hellmonk_ecumenical_altar_zigzags
D:3:      minmay_chambers_of_twos, layout_loops_ring
D:4:      layout_basic, serial_shops, nicolae_shop_bloodbath_and_beyond
D:5:      layout_basic, lexackson_kobold_supper, uniq_edmund
D:6:      layout_loops_cross, okawaru_gym_becter,
          minmay_temple_entry_proselytizer, lightli_church_of_beogh
D:7:      layout_basic, serial_bayou_pond_e
D:8:      minmay_statue_hallways, layout_rooms, minivault_23
D:9:      layout_roguey, ebering_ghost_xom, minmay_misc_feat_room
D:10:     layout_loops_ring, erik_lair_orcish_takeover, minivault_8,
          uniq_gastronok
Temple:   dpeg_three_leaves_temple

Skill      XL: |  1  2  3  4  5  6  7  8  9 10 |
---------------+-------------------------------+-----
Fighting       | 4 5 6 7 9 10 | 10.0
Axes           | 5 6 7 10 15 | 15.0
Invocations    | 1 4 5 |  5.0
Fire Magic     | 3 5 |  5.0
Spellcasting   | 1 2 |  2.0
Dodging        | 3 |  3.0
Armour         | 5 |  5.0
Stealth        | |  1.5

Action                   |  1- 3 |  4- 6 |  7- 9 | 10-12 || total
-------------------------+-------+-------+-------+-------++-------
Melee: Hand axe          |   119 |    46 |       |       ||   165
       Punch             |     1 |     1 |     1 |     3 ||     6
       War axe           |       |    91 |    15 |       ||   106
       Rapier            |       |       |   104 |       ||   104
       Broad axe         |       |       |    50 |   108 ||   158
 Fire: Hunting sling     |       |    21 |       |       ||    21
Throw: Stone             |       |    13 |       |       ||    13
 Cast: Scorch            |       |       |    27 |       ||    27
Invok: Convert to Beogh  |     1 |       |       |       ||     1
       Recall Orcish Fol |       |       |     7 |     6 ||    13
       Stop Recall       |       |       |     4 |     3 ||     7
       Give Item to Name |       |       |       |     2 ||     2
       Smiting           |       |       |       |     1 ||     1
  Use: Scroll            |       |     4 |     6 |     2 ||    12
       Potion            |       |       |     1 |       ||     1
 Stab: Sleeping          |     2 |       |       |       ||     2
       Distracted        |       |       |     4 |       ||     4
Armor: Ring mail         |    31 |       |       |       ||    31
       Robe              |     2 |       |       |       ||     2
       Chain mail        |    16 |    68 |       |       ||    84
       Quicksilver drago |       |     7 |    93 |    62 ||   162
Dodge: Dodged            |    51 |    50 |   143 |    63 ||   307

Table legend: (Time is in decaauts)
 A = Elapsed time spent in this place.
 B = Non-inter-level travel time spent in this place.
 C = Inter-level travel time spent in this place.
 D = Time resting spent in this place.
 E = Time spent auto-exploring this place.
 F = Levels seen in this place.
 G = Mean time per level.
                   A        B        C        D        E       F      G
               +--------+--------+--------+--------+--------+-----+--------+
         Total |  13901 |  11801 |   2100 |   3482 |   5469 |  11 | 1263.7 |
       Dungeon |  13667 |  11590 |   2077 |   3482 |   5411 |  10 | 1366.7 |
        Temple |    234 |    211 |     23 |      0 |     58 |   1 |  234.0 |
               +--------+--------+--------+--------+--------+-----+--------+

Top non-repeatable levels by time:
     D:6: 2191 daAuts
     D:9: 1783 daAuts
     D:4: 1686 daAuts
     D:5: 1632 daAuts
     D:2: 1443 daAuts
     D:3: 1292 daAuts
     D:7: 1244 daAuts
     D:1: 899 daAuts
     D:8: 883 daAuts
    D:10: 609 daAuts
  Temple: 234 daAuts
